 Dungeon Crawl Stone Soup version 0.19.1 (webtiles) character file.

282 Dfrag the Firebug (level 6, -9/49 HPs)
             Began as a Naga Fire Elementalist on Nov 25, 2016.
             Mangled by bza's ghost (11 damage)
             ... on level 4 of the Dungeon.
             The game lasted 00:05:03 (1953 turns).

Dfrag the Firebug (Naga Fire Elementalist)          Turns: 1953, Time: 00:05:04

Health: -9/49      AC:  7    Str: 10    XL:     6   Next: 28%
Magic:  0/11       EV: 10    Int: 18    God:
Gold:   115        SH:  0    Dex: 11    Spells: 1 memorised, 11 levels left

rFire  . . .     SeeInvis +     x - +0 dagger (protect)
rCold  . . .     Gourm    .     a - +0 robe
rNeg   . . .     Faith    .     (no shield)
rPois  +         Spirit   .     (no helmet)
rElec  .         Reflect  .     (no cloak)
rCorr  .         Harm     .     (no gloves)
MR     .....                    z - +0 naga barding
Stlth  ++........               (no amulet)
                                (no ring)
                                w - +2 ring of evasion

@: very slightly contaminated, very slow
A: see invisible, deformed body, poison resistance, slowness 2, slow metabolism
1, spit poison 1, AC +2
a: Spit Poison


You were on level 4 of the Dungeon.
You were hungry.

You visited 1 branch of the dungeon, and saw 4 of its levels.

You collected 115 gold pieces.

Inventory:

Hand Weapons
 p - a +0 dagger of holy wrath
 x - a +0 dagger of protection (weapon)
Armour
 a - a +0 robe (worn)
 z - a +0 naga barding (worn)
Jewellery
 w - a +2 ring of evasion (left hand)
 A - a +3 ring of dexterity {unknown}
Wands
 y - a wand of paralysis (12/24)
Scrolls
 g - 2 scrolls of remove curse
 l - 3 scrolls of noise
 r - 2 scrolls of enchant weapon
 s - 2 scrolls of amnesia
Potions
 d - a potion of heal wounds
 j - a potion of resistance {unknown}
 k - a potion of flight {unknown}
 q - a potion of might {unknown}
Books
 b - a book of Flames

   Spells                             Type                      Level
   a - Flame Tongue                   Conjuration/Fire             1
   b - Throw Flame                    Conjuration/Fire             2
   c - Conjure Flame                  Conjuration/Fire             3
   d - Inner Flame                    Hexes/Fire                   3
   e - Sticky Flame                   Conjuration/Fire             4
   f - Fireball                       Conjuration/Fire             5
 o - a book of Minor Magic

   Spells                             Type                      Level
   a - Magic Dart                     Conjuration                  1
   b - Blink                          Translocation                2
   c - Call Imp                       Summoning                    2
   d - Repel Missiles                 Charms/Air                   2
   e - Slow                           Hexes                        2
   f - Conjure Flame                  Conjuration/Fire             3
   g - Mephitic Cloud                 Conjuration/Poison/Air       3
Comestibles
 c - a bread ration
 f - 3 meat rations
 i - 3 beef jerkies
 m - a royal jelly


   Skills:
 - Level 1.5 Dodging
 - Level 3.0 Stealth
 + Level 3.5 Spellcasting
 + Level 3.7 Conjurations
 + Level 4.6 Fire Magic


You had 11 spell levels left.
You knew the following spells:

 Your Spells              Type           Power        Failure   Level  Hunger
a - Flame Tongue          Conj/Fire      ###..        2%          1    None


Dungeon Overview and Level Annotations

Branches:
Dungeon (4/15)
 Temple: D:4-7

Altars:
Trog

Shops:
D:4 [

Annotations:
D:4 bza's ghost, amateur DsGl


Innate Abilities, Weirdness & Mutations

You cannot wear boots.
Your serpentine skin is tough. (AC +2)
You have supernaturally acute eyesight. (SInv)
Armour fits poorly on your strangely shaped body.
Your system is resistant to poisons. (rPois)
You cover ground very slowly.
You have a slow metabolism.
You can spit poison.


Message History

You completely miss bza's ghost.
Bza's ghost is almost destroyed.
You hit bza's ghost but do no damage.
Bza's ghost is almost destroyed.
Bza's ghost hits you.
* * * LOW HITPOINT WARNING * * *
You barely miss bza's ghost.
Bza's ghost is almost destroyed.
You feel yourself slow down. Bza's ghost hits you!
* * * LOW HITPOINT WARNING * * *
Casting: Flame Tongue
Confirm with . or Enter, or press ? or * to list all spells.
Aiming: Flame Tongue
Press: ? - help, Shift-Dir - straight line, f/p - bza's ghost
Aim: bza's ghost (almost destroyed)
The flame tongue hits bza's ghost.
Bza's ghost appears unharmed.
Bza's ghost is almost destroyed.
Bza's ghost hits you!
You die...

...............#..#.......##
.....÷.........#..#.......#
'###.######...##..###.##..#
..##.######...##'####.##..#
......[...#...'.......∩...# #
.......>..#...#...........#######
.....##...'...#....##.....##.....
.....##..##...##...##.....##.....
.....##..####'##@..##......#.....
..............##W..##......'...##
...............#...##.....##.W.##
.##..#....#..(##...##.....##..<##
.###############...........#.....
..# #............#..... ..#
##'####.....##...## ..#
##...######'##...## ..#
#....'...)...#.....


You could see bza's ghost.

Vanquished Creatures
  An ogre (D:4)
  An orc priest (D:4)
  Terence (D:2)
  An orc wizard (D:4)
  2 worker ants (D:4)
  3 adders
  An adder skeleton (D:4)
  A worm (D:3)
  3 leopard geckos
  4 orcs
  A giant cockroach (D:4)
  6 goblins
  3 hobgoblins (D:1)
  4 kobolds
  2 ball pythons
  2 bats (D:2)
  2 frilled lizards (D:1)
  3 rats
41 creatures vanquished.

Vanquished Creatures (others)
  A wizard (D:4)
1 creature vanquished.

Grand Total: 42 creatures vanquished

Notes
Turn   | Place    | Note
-------+----------+-------------------------------------------
     0 | D:1      | Dfrag the Naga Fire Elementalist began the quest for the Orb.
     0 | D:1      | Reached XP level 1. HP: 15/15 MP: 3/3
    91 | D:1      | Reached XP level 2. HP: 7/22 MP: 0/5
   130 | D:1      | You fall through a shaft!
   160 | D:2      | Noticed Terence
   174 | D:2      | Killed Terence
   174 | D:2      | Reached XP level 3. HP: 3/28 MP: 0/6
   965 | D:3      | Noticed an orc warrior
  1022 | D:4      | Reached XP level 4. HP: 27/36 MP: 2/7
  1070 | D:4      | Found Fecsosm's Antique Armour Shoppe.
  1110 | D:4      | Noticed bza's ghost (amateur DsGl)
  1249 | D:4      | Noticed an ogre
  1283 | D:4      | Killed an ogre
  1283 | D:4      | Reached skill level 4 in Fire Magic
  1283 | D:4      | Reached XP level 5. HP: 36/42 MP: 4/9
  1349 | D:4      | Reached XP level 6. HP: 36/49 MP: 1/11
  1516 | D:4      | Found a bloodstained altar of Trog.
  1791 | D:4      | Noticed a wizard
  1792 | D:4      | Killed a wizard
  1950 | D:4      | HP: 2/49 [bza's ghost (7)]
  1953 | D:4      | Mangled by bza's ghost

Skill      XL: |  1  2  3  4 |
---------------+-------------+-----
Conjurations   | 2 3 |  3.7
Spellcasting   | 3 |  3.5
Fire Magic     | 4 |  4.6
Dodging        | |  1.5
Stealth        | |  3.0

Action                   |  1- 3 |  4- 6 || total
-------------------------+-------+-------++-------
Melee: Unarmed           |     3 |       ||     3
       Dagger            |       |    17 ||    17
 Cast: Flame Tongue      |    45 |    54 ||    99
 Abil: Spit Poison       |     2 |     8 ||    10
Evoke: Wand              |       |     2 ||     2
  Use: Scroll            |       |     6 ||     6
       Potion            |       |     5 ||     5
  Eat: Chunk             |     1 |     2 ||     3
Armor: Robe              |     3 |    21 ||    24
Dodge: Dodged            |    13 |    39 ||    52
